Map: Waterfall

Players

MattBarry

  • Race: Zerg Zerg
  • Spawn Location: 1:00

NCFoX - Winner!

  • Race: Terran Terran
  • League: Platinum
  • Spawn Location: 7:00

VOD

Have the link to the VOD?

Description

Time

  • Played on: Jan. 5, 2023, 3:22 a.m.
  • Length: 21:33
Show
View Real Time Build Order
Export as new Build Order

MattBarry Zerg 

Build Orders: Pool First 

Get SALT Encoding   

  12  0:00  Drone  
  13  0:12  Overlord  
  13  0:21  Drone, Extractor  
  13  0:25  Drone, Extractor  
  15  0:31  Drone  
  16  0:36  Drone  
  17  0:48  Spawning Pool  
  16  1:10  Hatchery  
  15  1:16  Drone  
  15  1:17  Drone  
  15  1:18  Drone  
  18  1:23  Extractor  
  17  1:29  Extractor  
  17  1:30  Drone  
  17  1:43  Zergling x2  
  17  1:44  Queen  
  20  1:56  Zergling x2  
  21  2:11  Drone  
  21  2:12  Overlord  
  22  2:18  Baneling Nest  
  23  2:39  Drone x3  
  23  2:43  Queen  
  26  2:50  Metabolic Boost  
  26  2:53  Drone  
  26  2:54  Drone  
  28  3:19  Queen  
  30  3:31  Zergling x2  
  30  3:32  Zergling x2  
  30  3:50  Drone x3  
  30  3:52  Overlord  
  33  4:02  Lair  
  33  4:08  Evolution Chamber  
  32  4:11  Evolution Chamber  
  32  4:14  Roach Warren  
  30  4:22  Drone  
  30  4:23  Drone x8  
  39  4:38  Spine Crawler  
  38  4:39  Queen  
  40  4:47  Zerg Ground Armor Level 1  
  40  4:54  Drone x3  
  43  5:05  Overlord  
  43  5:06  Overlord  
  43  5:13  Spore Crawler  
  42  5:17  Roach  
  44  5:21  Overlord  
  44  5:30  Zerg Melee Weapons Level 1  
  44  5:31  Drone x5  
  44  5:32  Drone  
  50  5:36  Glial Reconstitution  
  50  5:43  Queen  
  50  5:47  Drone x2  
  54  6:07  Roach x2  
  55  6:18  Roach x4, Pneumatized Carapace  
  56  6:19  Roach x3  
  68  6:31  Overlord x3  
  68  6:45  Zerg Missile Weapons Level 1  
  68  6:49  Drone  
  68  6:50  Overlord x3  
  67  6:54  Roach  
  67  6:55  Roach x4  
  67  7:01  Queen  
  63  7:16  Drone x4  
  67  7:29  Hatchery  
  66  7:37  Queen  
  66  7:41  Queen  
  70  7:50  Hatchery  
  69  7:53  Roach  
  69  7:54  Roach  
  73  8:12  Queen  
  73  8:15  Hatchery  
  73  8:17  Queen  
  76  8:38  Centrifugal Hooks  
  76  8:52  Queen  
  68  9:14  Ravager x2  
  68  9:15  Ravager x5  
  75  9:20  Zergling x4  
  75  9:21  Zergling x4  
  79  9:37  Zerg Ground Armor Level 2  
  79  9:45  Zergling x8  
  82  9:51  Infestation Pit  
  82  9:54  Spire  
  73  10:37  Spore Crawler  
  73  10:40  Spore Crawler  
  71  10:43  Queen  
  71  10:44  Drone x3  
  74  11:15  Overlord  
  74  11:24  Queen x2  
  74  11:25  Queen  
  76  11:33  Corruptor x5  
  86  11:41  Extractor  
  86  11:46  Drone x4  
  74  12:00  Zergling x2  
  74  12:01  Zergling x40  
  72  12:02  Zergling x2  
  72  12:03  Zergling x6  
  72  12:07  Hive  
  85  12:11  Drone x2  
  85  12:12  Drone x13  
  85  12:13  Drone x2  
  85  12:14  Drone, Overlord x3  
  102  13:04  Zerg Melee Weapons Level 2  
  77  13:22  Zergling x2  
  77  13:23  Zergling x44  
  77  13:24  Zergling x2  
  90  13:50  Queen  
  92  14:08  Baneling x3  
  92  14:09  Baneling x11  
  92  14:58  Corruptor  
  92  14:59  Corruptor x4  
  102  15:05  Extractor  
  101  15:07  Zergling x2  
  101  15:08  Zergling x42  
  101  15:09  Extractor  
  101  15:10  Drone x8  
  101  15:11  Drone x6  
  136  15:17  Queen  
  136  15:19  Spore Crawler  
  137  15:23  Spore Crawler  
  137  15:24  Corruptor  
  138  15:34  Hydralisk Den  
  137  15:44  Extractor  
  136  15:57  Corruptor  
  138  16:13  Hatchery  
  137  16:23  Swarm Host, Corruptor  
  142  16:28  Overlord x3  
  142  16:29  Overlord  
  142  16:41  Overseer  
  142  16:52  Spore Crawler  
  119  17:22  Corruptor x2  
  74  17:23  Corruptor x2  
  80  17:44  Zerg Flyer Weapons Level 1  
  80  18:00  Hydralisk x4  
  88  18:10  Extractor  
  87  18:13  Extractor  
  86  18:37  Queen  
  86  18:40  Overlord x2  
  86  18:41  Corruptor x3  
  94  18:51  Hydralisk x2  
  94  18:52  Hydralisk x2  
  102  18:59  Hydralisk  
  102  19:00  Hydralisk  
  106  19:12  Queen  
  108  19:26  Hatchery  
  87  19:44  Hydralisk x11  
  87  19:45  Hydralisk x3  
  76  20:01  Spore Crawler  
  76  20:02  Hydralisk  
  76  20:03  Hydralisk x3  
  76  20:05  Hydralisk  
  84  20:20  Hydralisk  
  86  20:21  Hydralisk  
  81  20:34  Corruptor  
  83  20:49  Hydralisk  
  79  20:51  Zergling x12  
  79  20:52  Zergling x22  
  80  21:01  Hydralisk  
  68  21:09  Hydralisk, Zergling x2  
Show
View Real Time Build Order
Export as new Build Order

NCFoX Terran - Winner!

Build Orders: 2 Factory, Reaper Expand 

Get SALT Encoding   

  12  0:00  SCV  
  13  0:12  SCV  
  14  0:17  Supply Depot  
  14  0:24  SCV  
  15  0:39  SCV  
  16  0:44  Barracks  
  16  0:46  Refinery  
  16  0:51  SCV  
  17  1:03  SCV  
  18  1:15  SCV  
  19  1:30  Orbital Command  
  19  1:31  Reaper  
  20  1:44  Command Center  
  20  1:56  SCV  
  21  2:07  Factory  
  21  2:12  SCV  
  22  2:20  Refinery  
  22  2:22  Supply Depot  
  21  2:36  SCV  
  21  2:40  Barracks Reactor  
  21  2:48  SCV  
  22  2:57  Orbital Command  
  22  2:59  Bunker  
  22  3:00  SCV  
  23  3:10  Hellion  
  25  3:16  Marine  
  25  3:17  Marine  
  27  3:22  Factory  
  26  3:50  SCV  
  26  3:51  Bunker, SCV  
  28  4:01  Hellion  
  28  4:02  SCV, Hellion  
  33  4:04  Barracks Reactor  
  33  4:06  SCV  
  34  4:14  SCV, Factory Tech Lab  
  34  4:15  Supply Depot  
  35  4:17  Supply Depot  
  35  4:18  SCV  
  35  4:23  Hellion x2  
  40  4:32  Supply Depot x2  
  40  4:37  Infernal Pre-Igniter  
  40  4:39  Hellion  
  40  4:41  SCV  
  40  4:42  Marine  
  40  4:43  Marine  
  40  4:44  Hellion x2  
  49  4:55  Supply Depot  
  49  5:01  Hellion  
  49  5:03  SCV, Refinery  
  49  5:05  SCV  
  49  5:07  Marine x2  
  53  5:12  Armory  
  55  5:16  SCV, Hellion  
  55  5:17  SCV  
  55  5:19  Hellion  
  61  5:30  SCV  
  61  5:31  SCV  
  63  5:36  Hellion  
  63  5:38  Hellion  
  63  5:40  Hellion  
  63  5:42  SCV  
  70  5:43  Marine, SCV  
  70  5:44  Marine  
  73  5:58  Refinery  
  70  6:23  Marine x2  
  72  6:28  Barracks, Hellion x3  
  72  6:32  Barracks x2  
  78  6:41  Supply Depot x2  
  78  6:42  Supply Depot  
  45  7:20  Siege Tank  
  45  7:21  Supply Depot  
  48  7:23  Supply Depot  
  48  7:27  Starport x2  
  48  7:34  Supply Depot  
  48  7:38  Bunker  
  48  7:43  Barracks Tech Lab x2  
  48  7:51  Barracks Reactor, Factory Tech Lab  
  48  7:55  Marine x2  
  48  7:57  Siege Tank  
  53  8:06  Starport Tech Lab  
  53  8:07  Starport Tech Lab  
  53  8:12  Fusion Core, Siege Tank  
  56  8:33  Siege Tank  
  59  8:35  Combat Shield, Stimpack  
  59  8:46  SCV  
  59  8:48  SCV  
  61  8:59  SCV, Battlecruiser  
  61  9:00  SCV, Battlecruiser  
  75  9:03  Weapon Refit  
  75  9:05  Siege Tank  
  75  9:06  Marine x3  
  75  9:07  Marine  
  82  9:11  SCV  
  82  9:12  SCV  
  82  9:14  Supply Depot  
  82  9:15  Supply Depot  
  84  9:27  Command Center  
  84  9:44  Marauder  
  84  9:45  Marine, Marauder  
  88  9:46  Marine x3  
  88  9:48  Siege Tank  
  95  10:34  Marine x2  
  99  10:36  Marine x2, Marauder x2  
  99  10:37  Concussive Shells  
  99  10:39  Orbital Command  
  99  10:41  Siege Tank x2  
  108  11:26  Battlecruiser  
  108  11:27  Battlecruiser  
  108  11:28  Marine x2, Siege Tank x2  
  108  11:29  Marine, Marauder  
  108  11:30  Marine, Marauder  
  122  12:19  Orbital Command  
  116  12:32  Battlecruiser x2  
  128  12:58  Orbital Command  
  109  13:34  Refinery  
  109  13:55  Refinery  
  109  14:04  Marine, Siege Tank x2  
  109  14:05  Marine  
  109  14:06  Marine x2, Marauder x2  
  123  14:12  Battlecruiser  
  123  14:14  Starport  
  129  14:17  Terran Ship Weapons Level 1  
  129  14:22  Starport Tech Lab  
  129  14:23  Engineering Bay  
  129  14:27  Marauder x2, Engineering Bay  
  129  14:31  Command Center  
  133  14:36  Siege Tank x2  
  139  15:03  Medivac  
  141  15:34  Medivac  
  143  15:41  Marine x2  
  143  15:42  Marine x2, Marauder x2  
  149  15:45  Starport Reactor  
  151  15:52  Planetary Fortress  
  151  16:03  Marauder  
  151  16:04  Marauder  
  157  16:15  Battlecruiser  
  157  16:16  Battlecruiser  
  157  16:18  Marine, Siege Tank x2  
  173  16:19  Marine  
  173  16:20  Marine x2  
  173  16:22  Medivac  
  179  16:27  Terran Infantry Armor Level 1, Terran Infantry Weapons Level 1  
  179  16:28  Medivac, Terran Ship Weapons Level 2  
  179  16:29  Marauder x2  
  185  16:51  Command Center  
  185  16:59  Refinery x2  
  162  17:39  Marine x2  
  162  17:40  Marine x2, Marauder x2  
  162  17:41  Battlecruiser  
  162  17:42  Battlecruiser  
  162  17:43  Siege Tank x2  
  188  17:44  Medivac x2  
  192  18:04  Planetary Fortress  
  192  18:29  Terran Infantry Armor Level 2, Terran Infantry Weapons Level 2  
  192  19:13  Starport Tech Lab  
  162  20:44  Command Center  
Tags
 
Add a new tag
Caveats
  • Supply blocks, unpowered buildings, or Contaminate may cause inaccurate times.
  • Supply counts are checked every 10 seconds.